[ PARTIDA AOE2 · #505250195 ]
UnrankedEspañoles vs Mongols
Equipo del jugador · VICT
Equipo rival · DERR
[ ANÁLISIS DE REPETICIÓN · EXTRAÍDO DE LA PARTIDA GRABADA ]
Feudal
10:59
Castillos
17:38
Imperial
—
| APM promedio | 58.2 |
| APM pico | 100 |
| eAPM promedio | 25.0 |
| Aldeanos / militares | 94 / 41 |
Foco
⚔️ 34.7% · 🌾 65.3%
Conquistador ×29 · Mangonel ×9 · Skirmisher ×3
Feudal
10:07
Castillos
23:49
Imperial
—
| APM promedio | 33.7 |
| APM pico | 64 |
| eAPM promedio | 17.5 |
| Aldeanos / militares | 55 / 27 |
Foco
⚔️ 33.3% · 🌾 66.7%
Mangudai ×10 · Archer ×7 · Militia ×5 · Mangonel ×5
Mapa de la partida
Recursos iniciales + cada clic de construcción. Líneas = muros · curvas = relieve. ◆ oro · ⬟ piedra · ● bayas · ✦ reliquia · ◌ hueco del cierre
Tu base· Abierta — flanco sin cerrar
Base de 凱文· ✓ Cerrada en 23:49 · 37t muro · 3 puerta(s)
Terreno inicial suavizado · ◌ = hueco del cierre detectado · pasá el cursor para detalles
Inputs por minuto
— NHN Forever - - 凱文
Build order — NHN Forever
Primeras 150 de 222 acciones detectadas
| 0:02 | Crear | Villager (Male) |
| 0:02 | Crear | Villager (Male) |
| 0:02 | Crear | Villager (Male) |
| 0:04 | Construir | House |
| 0:05 | Construir | House |
| 0:13 | Crear | Villager (Male) |
| 0:14 | Crear | Villager (Male) |
| 1:25 | Crear | Villager (Male) |
| 1:26 | Crear | Villager (Male) |
| 2:03 | Crear | Villager (Male) |
| 2:03 | Crear | Villager (Male) |
| 2:04 | Crear | Villager (Male) |
| 2:18 | Construir | Lumber Camp |
| 2:19 | Crear | Villager (Male) |
| 2:19 | Crear | Villager (Male) |
| 2:20 | Crear | Villager (Male) |
| 2:44 | Crear | Villager (Male) |
| 2:45 | Crear | Villager (Male) |
| 2:45 | Crear | Villager (Male) |
| 3:09 | Crear | Villager (Male) |
| 3:10 | Crear | Villager (Male) |
| 3:10 | Crear | Villager (Male) |
| 3:31 | Crear | Villager (Male) |
| 3:32 | Crear | Villager (Male) |
| 3:32 | Crear | Villager (Male) |
| 3:50 | Crear | Villager (Male) |
| 3:50 | Crear | Villager (Male) |
| 4:16 | Construir | House |
| 4:25 | Crear | Villager (Male) |
| 4:26 | Crear | Villager (Male) |
| 4:42 | Construir | Mill |
| 4:51 | Crear | Villager (Male) |
| 4:51 | Crear | Villager (Male) |
| 4:51 | Crear | Villager (Male) |
| 5:20 | Crear | Villager (Male) |
| 5:21 | Crear | Villager (Male) |
| 5:21 | Crear | Villager (Male) |
| 5:21 | Crear | Villager (Male) |
| 5:56 | Crear | Villager (Male) |
| 5:57 | Crear | Villager (Male) |
| 5:57 | Crear | Villager (Male) |
| 6:42 | Crear | Villager (Male) |
| 6:46 | Construir | House |
| 6:47 | Construir | Palisade Wall |
| 7:02 | Construir | Mining Camp |
| 7:14 | Construir | Palisade Wall |
| 7:15 | Construir | Palisade Wall |
| 7:33 | Crear | Villager (Male) |
| 7:33 | Crear | Villager (Male) |
| 7:34 | Crear | Villager (Male) |
| 8:06 | Investigar | Loom |
| 8:34 | Investigar | Feudal Age |
| 9:22 | Construir | Farm |
| 10:00 | Construir | Farm |
| 10:03 | Construir | Farm |
| 10:04 | Crear | Villager (Male) |
| 10:29 | Construir | Palisade Wall |
| 10:59 | Edad | Edad Feudal |
| 11:00 | Construir | Watch Tower |
| 11:08 | Crear | Villager (Male) |
| 11:17 | Construir | Market |
| 11:20 | Crear | Villager (Male) |
| 11:35 | Crear | Villager (Male) |
| 11:48 | Construir | Stone Wall |
| 11:54 | Construir | Palisade Wall |
| 12:00 | Crear | Villager (Male) |
| 12:01 | Construir | Stone Wall |
| 12:07 | Construir | Farm |
| 12:10 | Construir | Watch Tower |
| 13:06 | Crear | Villager (Male) |
| 13:25 | Crear | Villager (Male) |
| 13:31 | Construir | Blacksmith |
| 14:08 | Investigar | Fletching |
| 14:27 | Construir | Palisade Wall |
| 14:29 | Construir | Palisade Wall |
| 14:58 | Investigar | Castle Age |
| 15:09 | Construir | Watch Tower |
| 16:15 | Investigar | Stone Mining |
| 16:25 | Construir | Farm |
| 16:39 | Crear | Villager (Male) |
| 17:38 | Edad | Edad de los Castillos |
| 17:55 | Crear | Villager (Male) |
| 18:02 | Construir | House |
| 18:20 | Construir | Castle |
| 18:35 | Crear | Villager (Male) |
| 18:39 | Construir | Farm |
| 19:05 | Investigar | Padded Archer Armor |
| 19:09 | Construir | Farm |
| 19:23 | Construir | Farm |
| 19:40 | Construir | Farm |
| 19:41 | Construir | Farm |
| 19:48 | Crear | Conquistador |
| 19:48 | Crear | Conquistador |
| 19:59 | Construir | Mining Camp |
| 20:28 | Crear | Conquistador |
| 20:29 | Crear | Conquistador |
| 20:30 | Construir | Farm |
| 21:01 | Crear | Conquistador |
| 21:01 | Crear | Conquistador |
| 21:02 | Crear | Conquistador |
| 21:31 | Crear | Conquistador |
| 21:31 | Crear | Conquistador |
| 21:31 | Crear | Conquistador |
| 21:53 | Crear | Conquistador |
| 21:53 | Crear | Conquistador |
| 21:58 | Construir | Siege Workshop |
| 22:31 | Crear | Conquistador |
| 22:31 | Crear | Conquistador |
| 22:44 | Crear | Mangonel |
| 22:44 | Crear | Mangonel |
| 22:49 | Crear | Villager (Male) |
| 22:49 | Crear | Villager (Male) |
| 23:02 | Construir | Outpost |
| 23:19 | Construir | Outpost |
| 23:44 | Crear | Mangonel |
| 23:45 | Crear | Mangonel |
| 23:49 | Investigar | Leather Archer Armor |
| 23:51 | Crear | Villager (Male) |
| 23:52 | Crear | Villager (Male) |
| 24:08 | Crear | Conquistador |
| 24:09 | Crear | Conquistador |
| 24:55 | Crear | Mangonel |
| 24:55 | Crear | Mangonel |
| 25:34 | Crear | Conquistador |
| 25:34 | Crear | Conquistador |
| 25:34 | Crear | Conquistador |
| 25:38 | Investigar | Double-Bit Axe |
| 25:39 | Investigar | Double-Bit Axe |
| 26:19 | Construir | Outpost |
| 26:22 | Crear | Mangonel |
| 26:22 | Crear | Mangonel |
| 26:22 | Crear | Mangonel |
| 26:24 | Crear | Villager (Male) |
| 27:25 | Investigar | Bow Saw |
| 27:29 | Construir | Mill |
| 27:29 | Crear | Villager (Male) |
| 27:30 | Crear | Villager (Male) |
| 27:30 | Crear | Villager (Male) |
| 28:21 | Crear | Villager (Male) |
| 28:21 | Crear | Villager (Male) |
| 28:21 | Crear | Villager (Male) |
| 29:25 | Crear | Villager (Male) |
| 29:25 | Crear | Villager (Male) |
| 30:20 | Construir | Outpost |
| 30:26 | Construir | Outpost |
| 30:42 | Investigar | Wheelbarrow |
| 30:46 | Construir | Town Center |
| 30:56 | Investigar | Horse Collar |
| 30:56 | Investigar | Horse Collar |
| 30:58 | Investigar | Gold Mining |
Build order — 凱文
Primeras 150 de 190 acciones detectadas
| 0:01 | Crear | Villager (Male) |
| 0:02 | Construir | House |
| 0:03 | Crear | Villager (Male) |
| 0:04 | Construir | House |
| 0:04 | Crear | Villager (Male) |
| 0:08 | Crear | Villager (Male) |
| 1:27 | Crear | Villager (Male) |
| 2:03 | Crear | Villager (Male) |
| 2:03 | Crear | Villager (Male) |
| 2:21 | Crear | Villager (Male) |
| 2:43 | Crear | Villager (Male) |
| 2:44 | Crear | Villager (Male) |
| 2:58 | Construir | Lumber Camp |
| 3:02 | Construir | House |
| 3:06 | Construir | House |
| 3:13 | Crear | Villager (Male) |
| 3:14 | Crear | Villager (Male) |
| 3:54 | Crear | Villager (Male) |
| 3:57 | Crear | Villager (Male) |
| 3:57 | Crear | Villager (Male) |
| 4:41 | Crear | Villager (Male) |
| 5:17 | Crear | Villager (Male) |
| 6:09 | Crear | Villager (Male) |
| 6:34 | Construir | Barracks |
| 6:36 | Crear | Villager (Male) |
| 6:51 | Construir | Mill |
| 7:03 | Crear | Villager (Male) |
| 7:25 | Construir | Mining Camp |
| 7:29 | Investigar | Loom |
| 7:45 | Construir | House |
| 7:48 | Construir | House |
| 7:57 | Investigar | Feudal Age |
| 8:11 | Crear | Militia |
| 8:21 | Construir | Palisade Wall |
| 8:25 | Construir | Palisade Gate |
| 8:43 | Crear | Militia |
| 8:43 | Crear | Militia |
| 8:44 | Crear | Militia |
| 8:56 | Crear | Militia |
| 9:05 | Construir | Mill |
| 9:28 | Construir | Mining Camp |
| 9:37 | Construir | Palisade Wall |
| 9:38 | Construir | Palisade Wall |
| 10:07 | Edad | Edad Feudal |
| 10:10 | Investigar | Man-at-Arms (upgrade) |
| 10:11 | Investigar | Double-Bit Axe |
| 10:12 | Crear | Villager (Male) |
| 10:20 | Construir | House |
| 10:36 | Crear | Villager (Male) |
| 10:40 | Construir | Farm |
| 11:04 | Construir | House |
| 11:06 | Construir | House |
| 11:08 | Construir | Stone Wall |
| 11:24 | Crear | Villager (Male) |
| 11:28 | Construir | Farm |
| 11:53 | Construir | Watch Tower |
| 11:56 | Crear | Villager (Male) |
| 11:58 | Construir | Farm |
| 12:05 | Construir | Palisade Wall |
| 12:07 | Construir | Palisade Wall |
| 12:19 | Construir | Palisade Wall |
| 12:20 | Construir | Palisade Wall |
| 12:22 | Construir | Palisade Wall |
| 12:25 | Construir | Palisade Wall |
| 12:45 | Crear | Villager (Male) |
| 12:46 | Crear | Villager (Male) |
| 12:52 | Construir | Farm |
| 13:10 | Crear | Villager (Male) |
| 13:12 | Construir | Lumber Camp |
| 13:28 | Construir | Watch Tower |
| 13:59 | Construir | Watch Tower |
| 14:36 | Crear | Villager (Male) |
| 14:36 | Crear | Villager (Male) |
| 14:44 | Construir | Archery Range |
| 14:59 | Construir | Gate |
| 15:07 | Construir | Gate |
| 15:10 | Construir | Blacksmith |
| 15:15 | Crear | Villager (Male) |
| 16:07 | Crear | Villager (Male) |
| 16:11 | Construir | Farm |
| 16:14 | Construir | Farm |
| 16:24 | Construir | Archery Range |
| 16:25 | Construir | Stone Wall |
| 16:35 | Crear | Villager (Male) |
| 16:37 | Crear | Villager (Male) |
| 16:45 | Construir | Watch Tower |
| 17:24 | Crear | Villager (Male) |
| 17:27 | Construir | Farm |
| 17:29 | Construir | Farm |
| 17:37 | Investigar | Wheelbarrow |
| 17:46 | Construir | Stone Wall |
| 17:47 | Construir | Stone Wall |
| 17:50 | Construir | Palisade Wall |
| 17:51 | Construir | Palisade Wall |
| 17:52 | Construir | Palisade Wall |
| 17:53 | Construir | Palisade Wall |
| 18:01 | Crear | Villager (Male) |
| 18:06 | Construir | Stone Wall |
| 18:11 | Construir | Stone Wall |
| 18:13 | Construir | Stone Wall |
| 18:14 | Construir | Stone Wall |
| 18:32 | Construir | House |
| 18:39 | Construir | Stone Wall |
| 18:42 | Construir | Stone Wall |
| 18:57 | Crear | Archer |
| 18:58 | Crear | Archer |
| 19:07 | Construir | House |
| 19:08 | Construir | House |
| 19:11 | Construir | House |
| 19:34 | Crear | Villager (Male) |
| 19:38 | Construir | Watch Tower |
| 19:42 | Crear | Villager (Male) |
| 19:57 | Construir | House |
| 19:59 | Construir | House |
| 20:03 | Crear | Archer |
| 20:10 | Construir | Lumber Camp |
| 20:21 | Construir | House |
| 20:29 | Construir | Stone Wall |
| 20:32 | Construir | Stone Wall |
| 20:43 | Construir | Lumber Camp |
| 20:54 | Construir | Watch Tower |
| 21:02 | Crear | Villager (Male) |
| 21:09 | Investigar | Castle Age |
| 21:10 | Construir | Farm |
| 21:29 | Construir | House |
| 21:30 | Construir | House |
| 21:31 | Crear | Archer |
| 21:32 | Crear | Archer |
| 21:55 | Construir | House |
| 22:02 | Construir | Stone Wall |
| 22:34 | Construir | Watch Tower |
| 22:37 | Construir | House |
| 22:50 | Construir | Market |
| 23:11 | Construir | Watch Tower |
| 23:19 | Crear | Archer |
| 23:20 | Crear | Archer |
| 23:37 | Investigar | Stone Mining |
| 23:38 | Investigar | Gold Mining |
| 23:49 | Edad | Edad de los Castillos |
| 23:57 | Crear | Villager (Male) |
| 23:58 | Crear | Villager (Male) |
| 24:17 | Construir | Siege Workshop |
| 24:50 | Construir | Town Center |
| 24:52 | Crear | Mangonel |
| 24:56 | Crear | Villager (Male) |
| 25:33 | Construir | House |
| 25:38 | Construir | Town Center |
| 25:45 | Crear | Villager (Male) |
| 25:54 | Crear | Villager (Male) |
| 25:54 | Crear | Villager (Male) |
Cronología de la partida
| 6:34 | 凱文 · first_building Barracks |
| 6:47 | NHN Forever · wall_segment Palisade Wall x1 |
| 7:14 | NHN Forever · wall_segment Palisade Wall x1 |
| 7:15 | NHN Forever · wall_segment Palisade Wall x1 |
| 8:21 | 凱文 · wall_segment Palisade Wall x3 |
| 9:37 | 凱文 · wall_segment Palisade Wall x1 |
| 9:38 | 凱文 · wall_segment Palisade Wall x1 |
| 10:07 | 凱文 · age_up feudal |
| 10:29 | NHN Forever · wall_segment Palisade Wall x1 |
| 10:59 | NHN Forever · age_up feudal |
| 11:08 | 凱文 · wall_segment Stone Wall x3 |
| 11:48 | NHN Forever · wall_segment Stone Wall x1 |
| 11:54 | NHN Forever · wall_segment Palisade Wall x1 |
| 12:01 | NHN Forever · wall_segment Stone Wall x1 |
| 12:05 | 凱文 · wall_segment Palisade Wall x1 |
| 12:07 | 凱文 · wall_segment Palisade Wall x1 |
| 12:19 | 凱文 · wall_segment Palisade Wall x1 |
| 12:20 | 凱文 · wall_segment Palisade Wall x1 |
| 12:22 | 凱文 · wall_segment Palisade Wall x1 |
| 12:25 | 凱文 · wall_segment Palisade Wall x1 |
| 14:27 | NHN Forever · wall_segment Palisade Wall x1 |
| 14:29 | NHN Forever · wall_segment Palisade Wall x1 |
| 14:38 | NHN Forever · first_market_sell 100 stone |
| 14:40 | NHN Forever · first_market_buy 100 food |
| 14:44 | 凱文 · first_building Archery Range |
| 16:25 | 凱文 · wall_segment Stone Wall x1 |
| 17:38 | NHN Forever · age_up castle |
| 17:46 | 凱文 · wall_segment Stone Wall x1 |
| 17:47 | 凱文 · wall_segment Stone Wall x1 |
| 17:50 | 凱文 · wall_segment Palisade Wall x1 |
| 17:51 | 凱文 · wall_segment Palisade Wall x1 |
| 17:52 | 凱文 · wall_segment Palisade Wall x1 |
| 17:53 | 凱文 · wall_segment Palisade Wall x1 |
| 18:06 | 凱文 · wall_segment Stone Wall x3 |
| 18:11 | 凱文 · wall_segment Stone Wall x3 |
| 18:13 | 凱文 · wall_segment Stone Wall x4 |
| 18:14 | 凱文 · wall_segment Stone Wall x1 |
| 18:20 | NHN Forever · first_building Castle |
| 18:39 | 凱文 · wall_segment Stone Wall x1 |
| 18:42 | 凱文 · wall_segment Stone Wall x1 |
| 20:29 | 凱文 · wall_segment Stone Wall x1 |
| 20:32 | 凱文 · wall_segment Stone Wall x1 |
| 21:58 | NHN Forever · first_building Siege Workshop |
| 22:02 | 凱文 · wall_segment Stone Wall x1 |
| 23:49 | 凱文 · age_up castle |
| 24:17 | 凱文 · first_building Siege Workshop |
| 29:03 | 凱文 · first_market_buy 100 stone |
| 29:07 | 凱文 · first_building Castle |
| 34:13 | NHN Forever · first_building Barracks |
| 37:02 | NHN Forever · first_building Archery Range |
| 38:23 | 凱文 · first_market_sell 500 wood |
| 39:25 | 凱文 · resign |
[ ANÁLISIS IA · 1 CRÉDITO ]
¿Qué pasó realmente en esta partida?
Wolo.gg analiza cada decisión: build order, eco, micro, errores típicos por bracket. Análisis personalizado por WhatsApp o Discord en 30 segundos.
Guía civ
Españoles
Perfil
Jugador #15779222